 Dungeon Crawl Stone Soup version 0.31-a0-940-gdaa99269f9 (webtiles) character file.

Game seed: 7561296067316752068

29805 Maratek the Severer (level 13, -11/119 HPs)
             Began as a Minotaur Fighter on Oct 20, 2023.
             Was the Champion of Qazlal.
             Mangled by Saint Roka
             ... wielding a +0 battleaxe
              (39 damage)
             ... on level 2 of the Orcish Mines.
             The game lasted 00:35:37 (12644 turns).

Maratek the Severer (Minotaur Fighter)             Turns: 12644, Time: 00:35:38

Health: -11/119    AC:  8    Str: 39    XL:     13   Next: 17%
Magic:  12/12      EV: 14    Int:  5    God:    Qazlal [******]
Gold:   1099       SH:  8    Dex:  9    Spells: 12/12 levels left

rFire   . . .        B - +4 battleaxe (venom)
rCold   . . .        (shield currently unavailable)
rNeg    . . .        F - +0 robe "Ebak" {Regen+ rCorr}
rPois   .            b - +1 hat {SInv}
rElec   .            (no cloak)
rCorr   +            t - +0 pair of gloves
SInv    +            (no boots)
Will    .....        g - amulet of regeneration
Stlth   +            f - +6 ring of strength
HPRegen 1.99/turn    p - +6 ring of strength
MPRegen 0.13/turn

%: repel missiles
@: protected from physical damage
A: horns 2, retaliatory headbutt
a: Renounce Religion, Upheaval, Elemental Force, Disaster Area


You were on level 2 of the Orcish Mines.
You worshipped Qazlal.
Qazlal was exalted by your worship.
You visited 3 branches of the dungeon, and saw 16 of its levels.
You also visited: Bailey and Ice Cave.

You collected 1360 gold pieces.
You spent 261 gold pieces at shops.

Inventory:

Hand Weapons
 B - a +4 battleaxe of venom (weapon)
Armour
 b - a +1 hat of see invisible (worn)
 t - a +0 pair of gloves (worn)
 x - a +2 kite shield
 F - the +0 robe "Ebak" (worn) {Regen+ rCorr}
   (You found it on level 11 of the Dungeon)

   Regen+:    It increases your rate of health regeneration.
   rCorr:     It protects you from acid and corrosion.
Jewellery
 f - a +6 ring of strength (left hand)
 g - an amulet of regeneration (around neck)
 p - a +6 ring of strength (right hand)
 E - a +6 ring of dexterity
 G - a ring of protection from fire
Wands
 c - a wand of iceblast (10)
 d - a wand of charming (11)
 h - a wand of mindburst (13)
 w - a wand of flame (33)
Scrolls
 j - 4 scrolls of revelation
 l - 7 scrolls of teleportation
 r - 2 scrolls of amnesia
 s - 3 scrolls of poison
 y - a scroll of fear
Potions
 a - 8 potions of ambrosia
 e - 2 potions of magic
 i - 2 potions of haste
 k - 3 potions of lignification
 m - 2 potions of attraction
 n - a potion of heal wounds
 o - 3 potions of curing
 q - a potion of resistance
 u - 4 potions of mutation
 v - 3 potions of brilliance
 z - a potion of enlightenment
 C - a potion of invisibility
 D - a potion of degeneration {unknown}


   Skills:
 + Level 12.4 Fighting
 + Level 17.9 Axes
 + Level 11.1 Armour
 + Level 7.3 Dodging
 + Level 3.0 Stealth
 + Level 9.0 Shields
 + Level 1.7 Evocations


You had 12 spell levels left.
You didn't know any spells.
Your spell library contained the following spells:

 Spells                   Type           Power      Damage    Failure   Level
 Slow                     Hex            0%         N/A       47%         1
 Confusing Touch          Hex            0%         N/A       85%         3
 Gell's Gravitas          Tloc           0%         N/A       85%         3
 Inner Flame              Hex/Fire       0%         N/A       85%         3
 Sigil of Binding         Hex            0%         N/A       85%         3
 Teleport Other           Tloc           0%         N/A       85%         3
 Vampiric Draining        Necr           0%         2d6       85%         3
 Passage of Golubria      Tloc           0%         N/A       99%         4
 Silence                  Hex/Air        0%         N/A       100%        5
 Yara's Violent Unravell  Hex/Tmut       0%         3d3       100%        5
 Dispersal                Tloc           0%         N/A       100%        6
 Enfeeble                 Hex            0%         N/A       100%        7
 Lehudib's Crystal Spear  Conj/Erth      0%         10d2      100%        8


Dungeon Overview and Level Annotations

Branches:
Dungeon (13/15)            Temple (1/1) D:6            Lair (0/5) D:11
    Orc (2/2) D:9             Elf (0/3) Orc:2        Bailey (visited)
  IceCv (visited)
 Vaults: D:13-14

Altars:
Ashenzari
Cheibriados
Dithmenos
Elyvilon
Fedhas
Gozag
Hepliaklqana
Kikubaaqudgha
Makhleb
Nemelex Xobeh
Okawaru
Qazlal
Ru
Sif Muna
Trog
Uskayaw
Vehumet
Wu Jian
Xom
Yredelemnul
Zin
The Shining One
Jiyva
Lugonu

Shops:
D:4 [   D:9 [   D:11 !   Orc:1 :=(?

Annotations:
D:4 2 transporters, 1 runed translucent door, Crazy Yiuf; WhatIsLove's ghost, novice DjSu
D:12 1 transporter
Orc:2 Saint Roka


Innate Abilities, Weirdness & Mutations

You have a pair of horns on your head.
You reflexively headbutt those who attack you in melee.


Message History

Unknown command.
You are too injured to fight recklessly!
Unknown command.
You are too injured to fight recklessly!
Unknown command.
You barely miss Saint Roka.
Saint Roka is moderately wounded.
You slice the warg!!
You kill the warg!
Qazlal accepts your kill.
An orc warrior comes into view. It is wielding a +0 scimitar.
Saint Roka is engulfed in blazing flames.
Saint Roka mumbles some strange prayers to Beogh against you.
Beogh smites you!
You slash Saint Roka! You headbutt Saint Roka!
Saint Roka is heavily wounded.
Saint Roka roars a battlecry!
The orc warrior goes into a battle-frenzy!
You barely miss Saint Roka. Your headbutt misses Saint Roka.
Saint Roka is heavily wounded.
You block Saint Roka's attack.
Unknown command.
You slash Saint Roka!
Saint Roka is poisoned.
Your headbutt misses Saint Roka.
Saint Roka is heavily wounded.
Saint Roka hits you with a +0 battleaxe!!
* * * LOW HITPOINT WARNING * * *
You hit Saint Roka but do no damage. Your headbutt misses Saint Roka.
Saint Roka is heavily wounded.
You slash Saint Roka!
Saint Roka is heavily wounded.
Saint Roka roars a battlecry!
You hit Saint Roka but do no damage.
Saint Roka is heavily wounded.
You block Saint Roka's attack.
You barely miss Saint Roka.
Saint Roka is heavily wounded.
An orc comes into view. It is wielding a +0 falchion.
Saint Roka hits you with a +0 battleaxe!!!
You die...
Saint Roka roars, "Praise to Beogh!"

#.....#.## #)......$#
##.)..#.##
##......#### ###
#...)......##.
..######.##........$
....#.#.###))........
...#...°o)#°.........
.#..#.#.§@°..........
.......○o).§.........
..o......○...........
.....#...............
..#..................
.#..................
#.................
.....#..........#.#
...##......[.....##


You could see Saint Roka (very poisoned), an orc warrior (strong) and an orc
(strong).

Vanquished Creatures
  Gastronok (Orc:1)
  A deep elf death mage (D:12)
  A centaur warrior (D:8)
  2 boulder beetles (D:12)
  A two-headed ogre (D:10)
  A merfolk aquamancer (D:12)
  An orc high priest (Orc:1)
  Amaemon (D:8)
  Pikel (D:7)
  2 deep elf pyromancers
  An ugly thing (D:12)
  2 manticores
  An orc sorcerer (Orc:2)
  2 water nymphs (D:12)
  An orange demon (D:8)
  Maggie (D:6)
  An unseen horror (D:11)
  2 komodo dragons
  3 kobold demonologists (D:11)
  Psyche (D:9)
  A queen bee (D:10)
  7 trolls
  A hornet (D:9)
  Prince Ribbit (D:8)
  6 slime creatures
  A shadow (D:11)
  16 yaks
  A wraith (D:8)
  4 wyverns
  Grum (D:10)
  A basilisk (D:11)
  7 vampire mosquitoes
  4 wargs
  2 acid dragons
  2 water moccasins
  A swamp drake (D:11)
  25 orc warriors
  A sky beast (D:7)
  7 ogres
  3 wolves (D:10)
  A centaur (D:10)
  3 lemures (D:7)
  4 kobold brigands
  4 bullfrogs
  A cane toad simulacrum (IceCv)
  A gnoll sergeant (D:9)
  3 scorpions
  7 wights (D:8)
  52 killer bees
  A howler monkey (D:8)
  An elephant simulacrum (IceCv)
  22 orc priests
  2 jellies
  8 hounds
  4 iguanas
  17 orc wizards
  Terence (D:3)
  2 sleepcaps
  A polar bear simulacrum (IceCv)
  2 wolf simulacra (IceCv)
  9 adders
  20 gnolls
  2 ufetubi (D:6)
  3 worms
  A dart slug (D:4)
  59 orcs
  7 ball pythons
  5 endoplasms
  4 giant cockroaches
  48 goblins
  37 hobgoblins
  31 kobolds
  A quokka (D:1)
  7 bats
  4 rats
494 creatures vanquished.

Vanquished Creatures (collateral kills)
  An orc (Bailey)
  A goblin (Bailey)
2 creatures vanquished.

Vanquished Creatures (others)
  An ugly thing (IceCv)
  An orc warrior (Bailey)
2 creatures vanquished.

Grand Total: 498 creatures vanquished

Notes
Turn   | Place    | Note
-------+----------+-------------------------------------------
     0 | D:1      | Maratek the Minotaur Fighter began the quest for the Orb.
     0 | D:1      | Reached XP level 1. HP: 19/19 MP: 0/0
   177 | D:1      | Reached XP level 2. HP: 27/27 MP: 1/1
   655 | D:2      | Reached XP level 3. HP: 21/33 MP: 2/2
   766 | D:2      | Reached skill level 3 in Axes
  1306 | D:3      | Noticed Terence
  1311 | D:3      | Killed Terence
  1312 | D:3      | Reached XP level 4. HP: 34/41 MP: 3/3
  1357 | D:3      | Reached skill level 4 in Axes
  1365 | D:3      | Reached XP level 5. HP: 47/47 MP: 4/4
  1457 | D:3      | Found a faded altar of an unknown god.
  1998 | D:3      | Reached skill level 5 in Axes
  2000 | D:3      | Reached skill level 5 in Fighting
  2005 | D:3      | Reached skill level 5 in Armour
  2064 | D:3      | Reached XP level 6. HP: 56/56 MP: 5/5
  2290 | D:3      | Reached skill level 1 in Dodging
  2864 | D:4      | Reached skill level 6 in Axes
  2879 | D:4      | Found a transporter.
  2881 | D:4      | Noticed WhatIsLove's ghost (novice DjSu)
  2883 | D:4      | Identified the +10 giant spiked club of Wuciweku {drain,
                  | Dex+2}
  2885 | D:4      | Found a transporter.
  2974 | D:4      | Found Uxzatyid's Armour Boutique.
  3009 | D:4      | Reached XP level 7. HP: 61/61 MP: 6/6
  3205 | D:4      | Found a hazy altar of Hepliaklqana.
  3319 | D:4      | Found a runed translucent door.
  3320 | D:4      | Noticed Crazy Yiuf
  3512 | D:5      | Entered Level 5 of the Dungeon
  3524 | D:5      | Reached skill level 7 in Axes
  3609 | D:5      | Reached skill level 1 in Stealth
  3651 | D:5      | Reached XP level 8. HP: 70/70 MP: 7/7
  3874 | D:5      | Reached skill level 5 in Shields
  4257 | D:6      | Reached skill level 8 in Axes
  4285 | D:6      | Found a staircase to the Ecumenical Temple.
  4337 | D:6      | Noticed Maggie
  4346 | D:6      | Killed Maggie
  4376 | Temple   | Entered the Ecumenical Temple
  4395 | Temple   | Became a worshipper of Qazlal Stormbringer
  4678 | D:6      | Reached skill level 9 in Axes
  4848 | D:6      | Reached XP level 9. HP: 70/78 MP: 8/8
  5124 | D:7      | Reached skill level 10 in Axes
  5388 | D:7      | Noticed Pikel
  5412 | D:7      | Killed Pikel
  5529 | D:8      | Noticed Prince Ribbit
  5626 | D:8      | Reached skill level 11 in Axes
  5652 | D:8      | Noticed Amaemon
  5712 | D:8      | Reached * piety under Qazlal
  5765 | D:8      | Noticed an orange demon
  5773 | D:8      | Killed Amaemon
  5774 | D:8      | Reached skill level 1 in Evocations
  5774 | D:8      | Reached XP level 10. HP: 49/88 MP: 9/9
  6730 | D:8      | Killed an orange demon
  6764 | D:8      | Killed Prince Ribbit
  6783 | D:8      | Reached skill level 12 in Axes
  6826 | D:8      | Reached ** piety under Qazlal
  6900 | D:8      | Noticed a centaur warrior
  6906 | D:8      | Noticed a deep elf pyromancer
  6913 | D:8      | Killed a centaur warrior
  6922 | D:8      | Killed a deep elf pyromancer
  7002 | D:8      | Reached skill level 13 in Axes
  7032 | D:8      | Reached skill level 5 in Dodging
  7434 | D:9      | Reached skill level 10 in Armour
  7434 | D:9      | Reached XP level 11. HP: 89/95 MP: 10/10
  7450 | D:9      | Found Iczuru's Antique Armour Shop.
  7458 | D:9      | Bought a smoking scale mail for 261 gold pieces
  7458 | D:9      | Identified the +3 scale mail of Geresahi {Harm *Slow
                  | +Blink} (You bought it in a shop on level 9 of the Dungeon)
  7469 | D:9      | Found a staircase to the Orcish Mines.
  7606 | D:9      | Noticed Psyche
  7613 | D:9      | Killed Psyche
  7832 | D:9      | Found a flagged portal.
  7848 | Bailey   | Entered a bailey
  7909 | Bailey   | Reached *** piety under Qazlal
  8072 | Bailey   | Noticed an orc warlord
  8073 | Bailey   | Noticed an orc knight
  8759 | D:10     | Entered Level 10 of the Dungeon
  9104 | D:10     | Reached skill level 14 in Axes
  9104 | D:10     | Reached **** piety under Qazlal
  9107 | D:10     | Reached skill level 10 in Fighting
  9471 | D:10     | Noticed Grum
  9473 | D:10     | Noticed a two-headed ogre
  9478 | D:10     | Killed a two-headed ogre
  9483 | D:10     | Killed Grum
  9637 | D:10     | Found a sparkling altar of Nemelex Xobeh.
  9723 | D:11     | Reached skill level 15 in Axes
  9830 | D:11     | Reached XP level 12. HP: 98/108 MP: 11/11
  9855 | D:11     | Found Siqism's Distillery.
  9910 | D:11     | Found a corrupted altar of Lugonu.
  9943 | D:11     | Reached ***** piety under Qazlal
 10098 | D:11     | Identified the +5 scale mail of Intercession {Harm Rampage
                  | Int+3}
 10368 | D:11     | Found a staircase to the Lair.
 10413 | D:11     | Identified the +0 robe "Ebak" {Regen+ rCorr}
 10899 | D:12     | Reached skill level 16 in Axes
 10989 | D:12     | Noticed a merfolk aquamancer
 11002 | D:12     | Killed a merfolk aquamancer
 11079 | D:12     | Found a transporter.
 11103 | D:12     | Noticed a boulder beetle
 11123 | D:12     | Killed a boulder beetle
 11266 | D:12     | Found a viscous altar of Jiyva.
 11274 | D:12     | Noticed a boulder beetle
 11281 | D:12     | Killed a boulder beetle
 11594 | D:13     | Noticed a deep elf demonologist
 11594 | D:13     | Noticed a deep elf death mage
 11595 | D:13     | Noticed a vault guard
 11598 | D:13     | Noticed a vault guard
 11622 | D:12     | Killed a deep elf death mage
 11623 | D:12     | Reached skill level 17 in Axes
 11943 | Orc:1    | Entered Level 1 of the Orcish Mines
 11943 | Orc:1    | Noticed an orc high priest
 11967 | Orc:1    | Killed an orc high priest
 12041 | Orc:1    | Found Nuitu's Book Shop.
 12105 | Orc:1    | Found Giemm's Magic Scroll Boutique.
 12135 | Orc:1    | Noticed Gastronok
 12145 | Orc:1    | Killed Gastronok
 12146 | Orc:1    | Reached XP level 13. HP: 105/118 MP: 12/12
 12215 | Orc:1    | Found a frozen archway.
 12238 | IceCv    | Entered an ice cave
 12250 | IceCv    | Found a transporter.
 12261 | IceCv    | Found a transporter.
 12293 | Orc:1    | Found Zaohall's Weapon Boutique.
 12357 | Orc:1    | Found Diutt's Jewellery Emporium.
 12534 | Orc:2    | Entered Level 2 of the Orcish Mines
 12587 | Orc:2    | Found a staircase to the Elven Halls.
 12622 | Orc:2    | Noticed Saint Roka
 12625 | Orc:2    | Reached ****** piety under Qazlal
 12644 | Orc:2    | Mangled by Saint Roka

Illustrated notes

Levels and vault maps discovered:
D:1:      lemuel_arrival_river_ford, layout_rooms
D:2:      layout_loops_corners
D:3:      minmay_goblin_kobold_castle, layout_basic,
          shapermc_ecumenical_altar_starsandcircs, uniq_terence
D:4:      layout_gridville, worldfamousw_hep_ancestral_shrine,
          gammafunk_ghost_smash, serial_shops, nicolae_shop_window_shopping,
          nicolae_hexahallways, uniq_crazy_yiuf_cottage
D:5:      layout_gridville
D:6:      layout_rooms, temple_fountains, kennysheep_small_circle, uniq_maggie
D:7:      layout_rooms, dreamdust_princess_bridge, uniq_pikel
D:8:      minmay_cornered_nines, layout_basic, minmay_diced_spiral,
          uniq_amaemon, uniq_prince_ribbit1
D:9:      layout_layer_cave, orc_0_dummy, enter_bailey_5, serial_shops, shop,
          uniq_psyche
D:10:     layout_roguey [special_room_bee], nemelex_spade_bored_becter,
          uniq_grum
D:11:     kennysheep_kobold_lugonu_temple, layout_basic, erik_lair_dragon,
          serial_shops, nicolae_shop_advertising_works
          [nicolae_subvault_shop_adworks]
D:12:     gammafunk_jiyva_shrine, layout_irregular_city, minmay_misc_feat_chi,
          nicolae_splish_splash
D:13:     layout_roguey, lightli_vaults_fourway_checkpoint, serial_shops,
          nicolae_shop_trees, minmay_misc_feat_square, zin_angel
Temple:   nicolae_temple_bog_church
Orc:1:    layout_caves, portal_ice_cave_entry_pillars_1, serial_shops, shop,
          nicolae_shop_real_fake_doors, shop_scrolls, shop, uniq_gastronok
Orc:2:    st_orc_town, layout_caves, serial_shops, shop, uniq_saint_roka,
          uniq_azrael

Skill      XL: |  1  2  3  4  5  6  7  8  9 10 11 12 |
---------------+-------------------------------------+-----
Fighting       | 4 5 6 8 10 12 | 12.4
Armour         | 4 5 6 7 9 10 11 | 11.1
Shields        | 4 5 6 7 8 9 |  9.0
Axes           | 3 4 5 6 7 9 11 13 15 17 | 17.9
Dodging        | 1 2 4 5 6 7 |  7.3
Stealth        | 1 2 3 |  3.0
Evocations     | 1 |  1.7

Action                     |  1- 3 |  4- 6 |  7- 9 | 10-12 | 13-15 || total
---------------------------+-------+-------+-------+-------+-------++-------
  Melee: War axe           |    69 |   171 |   209 |   110 |       ||   559
         Headbutt          |     3 |    29 |    38 |    89 |     9 ||   168
         Battleaxe         |       |       |       |   375 |    57 ||   432
  Evoke: Wand              |       |       |     2 |     9 |       ||    11
    Use: Scroll            |     5 |     3 |     9 |    14 |     1 ||    32
         Potion            |       |       |     1 |     5 |       ||     6
 Armour: Scale mail        |    53 |   131 |   175 |   296 |       ||   655
         Skin              |       |       |       |    18 |       ||    18
         Robe              |       |       |       |    55 |    23 ||    78
  Dodge: Dodged            |    25 |    92 |   107 |   257 |    16 ||   497
         Repelled          |       |       |       |     3 |     1 ||     4
  Block: Buckler           |    14 |    52 |    49 |    36 |       ||   151
         Other             |       |       |       |    94 |    15 ||   109

Table legend: (Time is in decaauts)
 A = Elapsed time spent in this place.
 B = Non-inter-level travel time spent in this place.
 C = Inter-level travel time spent in this place.
 D = Time resting spent in this place.
 E = Time spent auto-exploring this place.
 F = Levels seen in this place.
 G = Mean time per level.
                   A        B        C        D        E       F      G
               +--------+--------+--------+--------+--------+-----+--------+
         Total |  12707 |  11887 |    820 |   1295 |   8144 |  18 |  705.9 |
       Dungeon |  11751 |  10992 |    759 |   1295 |   7573 |  13 |  903.9 |
        Temple |     40 |      3 |     37 |      0 |      0 |   1 |   40.0 |
  Orcish Mines |    627 |    603 |     24 |      0 |    406 |   2 |  313.5 |
        Bailey |    243 |    243 |      0 |      0 |    157 |   1 |  243.0 |
      Ice Cave |     44 |     44 |      0 |      0 |      8 |   1 |   44.0 |
               +--------+--------+--------+--------+--------+-----+--------+

Top non-repeatable levels by time:
     D:8: 1734 daAuts
     D:3: 1333 daAuts
     D:9: 1295 daAuts
    D:11: 1154 daAuts
    D:12: 989 daAuts
     D:4: 938 daAuts
     D:2: 897 daAuts
     D:7: 848 daAuts
    D:10: 788 daAuts
     D:5: 703 daAuts
     D:6: 601 daAuts
   Orc:1: 524 daAuts
     D:1: 430 daAuts
  Bailey: 243 daAuts
   Orc:2: 103 daAuts
